 Dungeon Crawl Stone Soup version 0.30.0-19-g36f170ea60 (webtiles) character file.

Game seed: 7628789777788306470

227630 jempyr the Metallomancer (level 19, -20/112 HPs)
             Began as a Gargoyle Earth Elementalist on May 27, 2023.
             Was the Champion of Vehumet.
             Killed from afar by an ice dragon (31 damage)
             ... with a blast of cold
             ... on level 1 of the Depths on May 28, 2023.
             The game lasted 05:49:20 (34010 turns).

jempyr the Metallomancer (GrEE)                    Turns: 34010, Time: 05:49:21

Health: -20/112    AC: 33    Str: 10    XL:     19   Next: 39%
Magic:  34/40      EV: 14    Int: 29    God:    Vehumet [******]
Gold:   1336       SH: 12    Dex: 13    Spells: 9/52 levels left

rFire   + . .        Y - staff of earth
rCold   . . .        Q - +0 kite shield
rNeg    + . .        S - +0 ring mail of the Eagle {rF+ Str+3}
rPois   ∞            G - +2 hat
rElec   +            F - +2 cloak {Will+}
rCorr   +            L - +2 pair of gloves
SInv    .            g - +1 pair of boots
Will    +++..        y - amulet of magic regeneration
Stlth   ++           M - +5 ring of evasion
HPRegen 0.38/turn    U - ring "Alyl" {rPois Will+ rCorr Str-5 Int+6}
MPRegen 0.67/turn

%: random rage (3%)
@: about to teleport, flying
A: sickness immunity, AC +14, big wings, negative energy resistance 1,
electricity resistance, torment resistance 1, petrification resistance, horns 1,
berserk 1, clever 1, MP-powered wands
}: 1/15 runes: serpentine
a: Renounce Religion


You were on level 1 of the Depths.
You worshipped Vehumet.
Vehumet was exalted by your worship.
You visited 7 branches of the dungeon, and saw 32 of its levels.
You also visited: Gauntlet and Ice Cave.

You collected 3080 gold pieces.
You spent 1744 gold pieces at shops.

Inventory:

Hand Weapons
 j - the +8 war axe of the Boiling Point {antimagic, Int+3}
   (You bought it in a shop on level 12 of the Dungeon)

   Int:       It affects your intelligence (+3).
 A - a +3 quick blade of electrocution
Armour
 f - +1 ice dragon scales
 g - a +1 pair of boots (worn)
 u - the +1 cloak of Love and Death {Harm rPois rF- Str+4}
   (You found it in a Gauntlet)

   Str:       It affects your strength (+4).
   rF:        It makes you vulnerable to fire.
   rPois:     It protects you from poison.
   Harm:      It increases damage dealt and taken.
 F - a +2 cloak of willpower (worn)
 G - a +2 hat (worn)
 L - a +2 pair of gloves (worn)
 Q - a +0 kite shield (worn)
 S - the +0 ring mail of the Eagle (worn) {rF+ Str+3}
   (You found it on level 4 of the Lair of Beasts)

   Str:       It affects your strength (+3).
   rF:        It protects you from fire.
Magical Staves
 Y - a staff of earth (weapon)
Jewellery
 y - an amulet of magic regeneration (around neck)
 C - a +6 ring of intelligence
 E - an amulet of reflection
 K - a ring of wizardry
 M - a +5 ring of evasion (left hand)
 N - a ring of protection from cold
 U - the ring "Alyl" (right hand) {rPois Will+ rCorr Str-5 Int+6}
   (You found it in an ice cave)

   [ring of resist corrosion]

   Str:       It affects your strength (-5).
   Int:       It affects your intelligence (+6).
   rPois:     It protects you from poison.
   rCorr:     It protects you from acid and corrosion.
   Will:      It increases your willpower.
Wands
 a - a wand of mindburst (18)
 n - a wand of iceblast (18)
 z - a wand of digging (4)
 H - a wand of charming (20)
Scrolls
 c - 3 scrolls of blinking
 d - a scroll of magic mapping
 i - 9 scrolls of teleportation
 k - 2 scrolls of fear
 q - 2 scrolls of amnesia
 t - a scroll of butterflies
 v - 4 scrolls of torment
 D - 4 scrolls of silence
 I - 4 scrolls of poison
 P - 4 scrolls of vulnerability
 T - 2 scrolls of immolation
Potions
 b - 2 potions of magic
 e - 3 potions of attraction {unknown}
 h - 4 potions of mutation
 l - 5 potions of haste
 m - 4 potions of ambrosia
 o - 3 potions of cancellation {unknown}
 p - 6 potions of might
 s - 12 potions of heal wounds
 w - 5 potions of brilliance
 x - 3 potions of flight {unknown}
 B - a potion of degeneration {unknown}
 O - 7 potions of berserk rage
 R - a potion of resistance {unknown}
 V - 9 potions of curing
 Z - 4 potions of invisibility
Miscellaneous
 r - a piece from Xom's chessboard (15/15)
 J - a lightning rod (4/4)
 W - a tin of tremorstones (2/2)
 X - a phantom mirror


   Skills:
 - Level 10.2 Fighting
 - Level 3.0 Short Blades
 - Level 2.9(3.0) Axes
 - Level 1.0(2.1) Polearms
 - Level 12.0 Armour
 - Level 1.5 Dodging
 - Level 5.0 Stealth
 - Level 12.0 Shields
 - Level 17.2 Spellcasting
 - Level 15.0 Conjurations
 - Level 2.0 Transmutations
 * Level 21.6 Earth Magic
 - Level 1.0 Poison Magic


You had 9 spell levels left.
You knew the following spells:

 Your Spells              Type           Power      Damage    Failure   Level
a - Sandblast             Erth           100%       2d20      0%          1
b - Passwall              Tmut/Erth      80%        N/A       1%          2
c - Stone Arrow           Conj/Erth      100%       3d13      0%          3
d - Petrify               Tmut/Erth      96%        N/A       1%          4
e - Iron Shot             Conj/Erth      57%        9d11      1%          6
f - Olgreb's Toxic Radia  Pois           30%        N/A       17%         4
g - Lee's Rapid Deconstr  Erth           61%        3d28*     1%          5
h - Lehudib's Crystal Sp  Conj/Erth      57%        10d13     10%         8
i - Yara's Violent Unrav  Hex/Tmut       15%        3d8       41%         5
j - Irradiate             Conj/Tmut      32%        3d22      2%          5

Your spell library contained the following spells:

 Spells                   Type           Power      Damage    Failure   Level
 Shatter                  Erth           61%        3d46*     32%         9
 Maxwell's Capacitive Co  Air            12%        ∞         100%        8
 Fire Storm               Conj/Fire      31%        8d8       100%        9
 Hailstorm                Conj/Ice       62%        3d13      1%          3
 Flame Wave               Conj/Fire      62%        2d14      1%          4
 Leda's Liquefaction      Hex/Erth       46%        N/A       1%          4
 Sticky Flame             Conj/Fire      62%        2d8       1%          4
 Freeze                   Ice            100%       1d10      2%          1
 Arcjolt                  Conj/Air       31%        1d41      3%          5
 Scorch                   Fire           50%        2d7       4%          2
 Ignite Poison            Fire/Tmut/Pois 30%        N/A       5%          3
 Wereblood                Tmut           36%        N/A       6%          2
 Frozen Ramparts          Ice            50%        1d8       8%          3
 Inner Flame              Hex/Fire       25%        N/A       8%          3
 Necrotise                Necr           100%       1d9       10%         1
 Blink                    Tloc           50%        N/A       14%         2
 Ensorcelled Hibernation  Hex/Ice        50%        N/A       14%         2
 Lesser Beckoning         Tloc           50%        N/A       14%         2
 Spider Form              Tmut/Pois      33%        N/A       16%         3
 Gell's Gravitas          Tloc           25%        N/A       28%         3
 Swiftness                Air            25%        N/A       28%         3
 Teleport Other           Tloc           25%        N/A       28%         3
 Tukima's Dance           Hex            25%        N/A       28%         3
 Vampiric Draining        Necr           25%        2d7       28%         3
 Vhi's Electric Charge    Tloc/Air       50%        N/A       28%         3
 Anguish                  Hex/Necr       12%        N/A       67%         4
 Cause Fear               Hex            12%        N/A       67%         4
 Manifold Assault         Tloc           25%        N/A       67%         4
 Passage of Golubria      Tloc           25%        N/A       67%         4
 Blade Hands              Tmut           18%        N/A       75%         5
 Agony                    Necr           25%        N/A       95%         5
 Silence                  Hex/Air        12%        N/A       95%         5
 Summon Forest            Summ/Tloc      12%        N/A       95%         5
 Summon Mana Viper        Hex/Summ       25%        N/A       95%         5
 Plasma Beam              Fire/Air       12%        2x1d26    96%         6
 Summon Cactus Giant      Summ           12%        N/A       100%        6
 Dragon Form              Tmut           18%        N/A       100%        7
 Enfeeble                 Hex            12%        N/A       100%        7
 Storm Form               Tmut/Air       15%        N/A       100%        7
 Summon Hydra             Summ           12%        N/A       100%        7
 Ignition                 Fire           12%        3d6       100%        8
 Statue Form              Tmut/Erth      Unusable   N/A       N/A         6
 Sublimation of Blood     Necr           Unusable   N/A       N/A         2

Dungeon Overview and Level Annotations

Branches:
Dungeon (15/15)            Temple (1/1) D:5            Lair (5/5) D:9
 Shoals (3/4) Lair:2        Snake (4/4) Lair:2        Slime (0/5) Lair:4
    Orc (2/2) D:12            Elf (0/3) Orc:2        Vaults (0/5) D:13
 Depths (2/4) D:15          IceCv (visited)         Gauntlet (visited)

Altars:
Ashenzari
Cheibriados
Dithmenos
Elyvilon
Fedhas
Gozag
Hepliaklqana
Kikubaaqudgha
Makhleb
Nemelex Xobeh
Okawaru
Qazlal
Ru
Sif Muna
Trog
Uskayaw
Vehumet
Wu Jian
Xom
Yredelemnul
Zin
The Shining One
Jiyva

Shops:
D:6 [!:   D:12 *   D:14 ?*(!!   Orc:1 *   Orc:2 [(:*   Shoals:3 (

Portals:
Hell: Depths:1
Trove: D:10 (give +3 storm dragon scales)

Annotations:
D:11 3 runed translucent doors, Kamelo's ghost, journeyman GrEE
Lair:4 exclusion: eye of devastation
Snake:1 exclusion: naga ritualist
Snake:4 2 transporters, turdburglar's ghost, adept HOFi
Orc:1 1 runed translucent door, olmar's ghost, journeyman GnWn


Innate Abilities, Weirdness & Mutations

You are immune to sickness and miasma.
Your stone body is resilient. (AC +14)
You are immune to poison.
Your large and strong wings let you fly.
You resist negative energy. (rN+)
You are resistant to electric shocks. (rElec)
You are resistant to unholy torment.
You are immune to petrification.
You have a pair of small horns on your head.
You sometimes lose your temper in combat.
Your mind is acute. (Int +4, Str/Dex -1)
You expend magic power (3 MP) to strengthen your wands.


Message History

Press: ? - help, Shift-Dir - straight line, f/p - deep troll earth mage
Aim: a deep troll earth mage (heavily wounded, strong, 79% to hit)
You feel a surge of power!
The iron shot hits the deep troll earth mage!!!
You kill the deep troll earth mage!
Vehumet accepts your kill.
You feel your power returning. The frost giant casts a spell at you.
The bolt of cold hits you!!!
Blink to where?
Press: ? - help, Dir - move target A fire giant and an ice dragon come into view.
The fire giant is wielding a +1 great sword of flaming.
As you read the scroll of blinking, it crumbles to dust.
The ice dragon roars deafeningly!
The fire giant shouts!
The frost giant gestures at you while chanting.
The bolt of cold hits you!!!
* * * LOW HITPOINT WARNING * * *
The ice dragon roars deafeningly!
The ice dragon breathes frost at you. The blast of cold misses you.
You fly upwards.
There is a stone staircase leading down here.
Blink to where?
Press: ? - help, Dir - move target
As you read the scroll of blinking, it crumbles to dust.
As you read the scroll of butterflies, it crumbles to dust.
You hear the flapping of tiny wings.
You swap places.
As you read the scroll of teleportation, it crumbles to dust.
You feel strangely unstable. The ice dragon breathes frost at you.
The blast of cold hits your butterfly!!!
Your butterfly dies!
Your butterfly disappears in a burst of colours!
The blast of cold hits your butterfly!!!
Your butterfly dies!
Your butterfly disappears in a burst of colours!
The blast of cold hits you!!
You die...

........................##....#..
.>............###...#...##.......
........................##.......
.................................
.............bb.b................
...........b.....................
...........b..bb...............##
..........bbb..b...............##
...........b.b..@###....###......
.........b.bbbb.#...#..#...#.....
..........bbbbb.#b⌠.#..#.⌠.#.....
............bb.D#b..#~~#...#.....
..........b.b.b.~###≈≈≈≈###~..)..
...........bb.bb.≈≈≈≈≈≈≈≈≈≈......
..............b..~≈D≈≈≈≈≈≈≈......
................~###~≈≈~###~.....
................#...#≈≈#...#.....


You could see an ice dragon (catching breath).

Vanquished Creatures
  Saint Roka (Depths:1)
  Nikola (Shoals:1)
  Jorgrun (D:13)
  A tentacled monstrosity (Depths:1)
  A sphinx (Depths:1)
  Frances (Shoals:1)
  Gastronok (Lair:2)
  3 nagarajas (Snake:4)
  A fire giant (Depths:2)
  Aizul (Snake:1)
  A quicksilver ooze (Gauntlet)
  A stone giant (Depths:1)
  Nessos (D:13)
  A vampire knight (Depths:1)
  The ghost of mkat the Summoner, a journeyman DrSu of Qazlal (Lair:4)
  A minotaur (Gauntlet)
  Azrael (D:14)
  2 dire elephants
  An ettin (Depths:1)
  Snorg (D:13)
  4 merfolk impalers
  Fannar (D:10)
  Josephine (Snake:1)
  2 fire dragons (Depths:1)
  A caustic shrike simulacrum (Depths:1)
  2 salamander tyrants
  4 vault guards (D:13)
  3 hydras
  2 ice dragons (Depths:1)
  A hell beast (Depths:1)
  2 merfolk avatars
  An ogre mage (D:14)
  5 boulder beetles
  Erica (D:8)
  13 centaur warriors
  A merfolk aquamancer (Shoals:2)
  14 anacondas
  2 death scarabs (Gauntlet)
  3 two-headed ogres
  A dancing weapon (Lair:4)
  11 death yaks
  9 naga warriors
  2 hell hogs (Depths:1)
  A deep troll earth mage (Depths:2)
  Urug (Orc:2)
  5 shock serpents
  2 tengu warriors
  3 orc high priests (Orc:2)
  6 hell knights (Depths:1)
  2 soul eaters (Depths:1)
  2 sun demons (Depths:1)
  18 naga sharpshooters
  Sonja (D:11)
  4 skysharks
  9 salamander mystics
  11 sea snakes
  4 skeletal warriors (D:15)
  5 naga ritualists
  25 harpies
  6 deep elf pyromancers
  3 necromancers (Depths:1)
  A wizard (Depths:1)
  9 mana vipers
  7 orc knights
  A sphinx zombie (Depths:1)
  6 orc sorcerers
  A fire giant zombie (Depths:1)
  A spectral boulder beetle (Gauntlet)
  A wolf spider (D:15)
  9 ugly things
  5 cyclopes
  5 fauns
  7 manticores
  15 salamanders
  Joseph (D:8)
  3 merfolk sirens (Shoals:3)
  25 elephants
  3 water nymphs
  3 guardian serpents
  28 black mambas
  2 ice statues (IceCv)
  An eye of devastation (Lair:4)
  16 naga magi
  2 gargoyles
  19 cane toads
  5 smoke demons (Depths:1)
  Psyche (D:8)
  An unseen horror (D:10)
  3 rime drakes
  15 komodo dragons
  2 yaktaurs
  2 freezing wraiths
  3 tengu conjurers (D:15)
  An efreet (D:13)
  9 merfolk
  3 polar bears
  6 hornets
  A polar bear (shapeshifter) (D:14)
  5 trolls
  5 wind drakes
  4 dream sheep (Shoals:3)
  Grinder (D:4)
  25 blink frogs
  7 snapping turtles
  8 slime creatures
  A spectral black mamba (Gauntlet)
  Sigmund (D:3)
  Grum (D:8)
  A vampire (D:12)
  5 wyverns
  5 water elementals
  A shadow (D:9)
  8 wraiths
  64 yaks
  3 fire bats (Depths:1)
  2 fire elementals (D:14)
  A yak (shapeshifter) (D:14)
  4 basilisks
  3 steam dragons
  A death yak simulacrum (IceCv)
  A spectral cane toad (Gauntlet)
  4 vampire mosquitoes
  Menkaure (D:4)
  6 wargs
  42 nagas
  5 acid dragons
  18 water moccasins
  3 hell hounds (D:14)
  A floating eye (Lair:4)
  3 black bears
  30 orc warriors
  Duvessa (D:4)
  A spectral torpor snail (Gauntlet)
  5 ogres
  27 wolves
  20 centaurs
  A phantom (D:5)
  2 kobold brigands
  10 bullfrogs
  A scorpion (D:5)
  4 gnoll sergeants
  Dowan (D:4)
  20 wights
  2 elephant simulacra (IceCv)
  5 howler monkeys
  An electric eel (Snake:1)
  2 jellies
  Crazy Yiuf (D:3)
  A gnoll bouda (D:5)
  3 hounds (D:5)
  17 orc priests
  Terence (D:2)
  A sleepcap (D:4)
  28 orc wizards
  5 hell rats (Lair:5)
  A statue (D:15)
  16 adders
  23 gnolls
  2 shadow imps
  2 white imps
  An ufetubus (D:4)
  A worm (D:2)
  4 dart slugs
  87 orcs
  An endoplasm (D:2)
  3 giant cockroaches
  17 goblins
  14 hobgoblins
  4 jackals (D:1)
  14 kobolds
  4 quokkas
  3 training dummies (Shoals:3)
  19 ball pythons
  4 bats
  2 frilled lizards
  5 rats
1097 creatures vanquished.

Vanquished Creatures (collateral kills)
  A naga sharpshooter (Snake:3)
1 creature vanquished.

Vanquished Creatures (others)
  A shadow (D:13)
  A naga (Snake:3)
  An orc wizard (D:3)
  An orc (Depths:1)
4 creatures vanquished.

Grand Total: 1102 creatures vanquished

Notes
Turn   | Place    | Note
-------+----------+-------------------------------------------
     0 | D:1      | jempyr the Gargoyle Earth Elementalist began the quest for
                  | the Orb.
     0 | D:1      | Reached XP level 1. HP: 10/10 MP: 3/3
    79 | D:1      | Found a faded altar of an unknown god.
   173 | D:1      | Reached skill level 4 in Earth Magic
   214 | D:1      | Reached XP level 2. HP: 15/15 MP: 3/5
   634 | D:1      | Reached XP level 3. HP: 19/19 MP: 6/6
   637 | D:1      | Learned a level 2 spell: Passwall
   641 | D:1      | Learned a level 3 spell: Stone Arrow
  1022 | D:2      | Reached skill level 5 in Earth Magic
  1143 | D:2      | Noticed Terence
  1145 | D:2      | Killed Terence
  1146 | D:2      | Reached XP level 4. HP: 24/24 MP: 1/8
  1623 | D:2      | Reached XP level 5. HP: 28/28 MP: 7/9
  1666 | D:2      | Reached skill level 6 in Earth Magic
  1700 | D:2      | Reached skill level 1 in Fighting
  2024 | D:3      | Learned a level 4 spell: Petrify
  2039 | D:3      | Found a runed translucent door.
  2040 | D:3      | Noticed Crazy Yiuf
  2046 | D:3      | Killed Crazy Yiuf
  2047 | D:3      | Reached XP level 6. HP: 18/34 MP: 0/10
  2156 | D:3      | Noticed Sigmund
  2178 | D:3      | Killed Sigmund
  2179 | D:3      | Reached skill level 1 in Polearms
  2179 | D:3      | Reached skill level 1 in Conjurations
  2319 | D:3      | Found a broken altar of Ashenzari.
  2451 | D:3      | Gained mutation: You have hidden genetic potential. [potion
                  | of mutation]
  2457 | D:3      | Reached XP level 7. HP: 30/38 MP: 12/12
  2467 | D:3      | Reached skill level 7 in Earth Magic
  3028 | D:4      | Noticed Menkaure
  3253 | D:4      | Noticed Grinder
  3261 | D:4      | Killed Grinder
  3265 | D:4      | Gained mutation: You expend magic power (3 MP) to
                  | strengthen your wands. [hidden potential]
  3447 | D:4      | Killed Menkaure
  3448 | D:4      | Reached skill level 8 in Earth Magic
  3581 | D:4      | Noticed Duvessa
  3585 | D:4      | Noticed Dowan
  3586 | D:4      | Killed Duvessa
  3587 | D:4      | Reached XP level 8. HP: 44/44 MP: 7/14
  3588 | D:4      | Killed Dowan
  4077 | D:5      | Entered Level 5 of the Dungeon
  4140 | D:5      | Gained mutation: Your mind is acute. (Int +4, Str/Dex -1)
                  | [hidden potential]
  4140 | D:5      | Lost mutation: You have hidden genetic potential. [hidden
                  | potential expressed]
  4426 | D:5      | Reached skill level 9 in Earth Magic
  4552 | D:5      | Reached skill level 1 in Transmutations
  4605 | D:5      | Reached skill level 5 in Spellcasting
  4858 | D:5      | Found a sparkling altar of Nemelex Xobeh.
  5114 | D:5      | Identified the +1 mace "Hydraslayer" {flame, Str+3}
  5115 | D:5      | Reached XP level 9. HP: 49/49 MP: 12/16
  5321 | D:5      | Found a blossoming altar of Fedhas.
  5331 | D:5      | Found an ancient bone altar of Kikubaaqudgha.
  5335 | D:5      | Found a shimmering altar of Xom.
  5543 | D:5      | Found a staircase to the Ecumenical Temple.
  5554 | Temple   | Entered the Ecumenical Temple
  5654 | Temple   | Became a worshipper of Vehumet
  5783 | D:6      | Found a transporter.
  5783 | D:6      | Found Memunty's Book Emporium.
  5847 | D:6      | Reached skill level 10 in Earth Magic
  5999 | D:6      | Found Wecload's Antique Armour Shop.
  6009 | D:6      | Bought a glowing cloak for 217 gold pieces
  6082 | D:6      | Found Gukit's Distillery.
  6091 | D:6      | Bought a potion of heal wounds for 50 gold pieces
  6181 | D:6      | Reached skill level 5 in Stealth
  6388 | D:6      | Found a transporter.
  6521 | D:7      | Reached * piety under Vehumet
  6521 | D:7      | Offered knowledge of Freeze by Vehumet.
  6696 | D:7      | Reached skill level 5 in Conjurations
  6888 | D:7      | Identified the +0 leather armour of Sif Muna's Favour
                  | {Dex+3}
  7137 | D:8      | Noticed Joseph
  7153 | D:8      | Killed Joseph
  7154 | D:8      | Reached XP level 10. HP: 51/56 MP: 8/21
  7181 | D:8      | Offered knowledge of Scorch by Vehumet.
  7186 | D:8      | Noticed Grum
  7189 | D:8      | Got the Spellbook of Geological Misfortune
  7197 | D:8      | Learned a level 6 spell: Iron Shot
  7210 | D:8      | Killed Grum
  7225 | D:8      | Reached ** piety under Vehumet
  7284 | D:8      | Noticed Psyche
  7356 | D:8      | Killed Psyche
  7381 | D:8      | Found a shadowy altar of Dithmenos.
  7397 | D:8      | Noticed Erica
  7402 | D:8      | Killed Erica
  7403 | D:8      | Reached skill level 11 in Earth Magic
  7677 | D:9      | Found a bloodstained altar of Trog.
  7691 | D:9      | Offered knowledge of Poisonous Vapours by Vehumet.
  7832 | D:9      | Found a shimmering blue altar of Sif Muna.
  7891 | D:9      | Reached XP level 11. HP: 60/60 MP: 18/24
  8053 | D:9      | Reached skill level 12 in Earth Magic
  8108 | D:9      | Found a staircase to the Lair.
  8196 | D:9      | Reached *** piety under Vehumet
  8680 | D:10     | Entered Level 10 of the Dungeon
  8781 | D:10     | Noticed Fannar
  8833 | D:10     | Offered knowledge of Olgreb's Toxic Radiance by Vehumet.
  8839 | D:10     | Learned a level 4 spell: Olgreb's Toxic Radiance
  8859 | D:10     | Noticed a two-headed ogre
  8869 | D:10     | Killed a two-headed ogre
  8951 | D:10     | Noticed a two-headed ogre
  8962 | D:10     | Killed a two-headed ogre
  9142 | D:10     | Reached skill level 13 in Earth Magic
  9172 | D:10     | Found a portal to a secret trove of treasure.
  9208 | D:10     | Found an opulent altar of Gozag.
  9208 | D:10     | Found a sacrificial altar of Ru.
  9507 | D:10     | Reached skill level 10 in Spellcasting
  9516 | D:10     | Killed Fannar
  9692 | D:11     | Reached **** piety under Vehumet
  9711 | D:11     | Reached XP level 12. HP: 28/67 MP: 4/26
  9838 | D:11     | Found a runed translucent gate.
  9838 | D:11     | Found a runed translucent gate.
  9838 | D:11     | Found a runed translucent gate.
  9843 | D:11     | Noticed Kamelo's ghost (journeyman GrEE)
 10023 | D:11     | Noticed a boulder beetle
 10041 | D:11     | Noticed a boulder beetle
 10054 | D:11     | Killed a boulder beetle
 10055 | D:11     | Reached skill level 10 in Conjurations
 10251 | D:11     | Offered knowledge of Sticky Flame by Vehumet.
 10331 | D:11     | Killed a boulder beetle
 10363 | D:11     | Reached skill level 1 in Armour
 10363 | D:11     | Reached skill level 1 in Shields
 10490 | D:11     | Noticed Sonja
 10493 | D:11     | Killed Sonja
 11121 | D:12     | Noticed a centaur warrior
 11129 | D:12     | Reached skill level 14 in Earth Magic
 11140 | D:12     | Killed a centaur warrior
 11419 | D:12     | Found a staircase to the Orcish Mines.
 11483 | D:12     | Reached ***** piety under Vehumet
 11483 | D:12     | Offered knowledge of Fulminant Prism by Vehumet.
 11488 | D:12     | Learned a level 3 spell: Hailstorm
 11621 | D:12     | Found Boagem's Assorted Antiques.
 11632 | D:12     | Bought a bloodstained war axe for 204 gold pieces
 11632 | D:12     | Identified the +8 war axe of the Boiling Point {antimagic,
                  | Int+3} (You bought it in a shop on level 12 of the Dungeon)
 11632 | D:12     | Bought a scroll of identify for 48 gold pieces
 11987 | Orc:1    | Entered Level 1 of the Orcish Mines
 12205 | Orc:1    | Found Olesseqi's CLEARANCE SALE!.
 12374 | Orc:1    | Noticed olmar's ghost (journeyman GnWn)
 12386 | Orc:1    | Found a runed translucent door.
 12658 | Orc:2    | Entered Level 2 of the Orcish Mines
 12659 | Orc:2    | Noticed Urug
 12659 | Orc:2    | Noticed a two-headed ogre
 12677 | Orc:2    | Killed Urug
 12678 | Orc:2    | Reached XP level 13. HP: 53/72 MP: 7/28
 12797 | Orc:2    | Found a staircase to the Elven Halls.
 13143 | Orc:2    | Reached skill level 5 in Armour
 13588 | Orc:2    | Reached skill level 15 in Earth Magic
 13824 | Orc:2    | Reached skill level 5 in Shields
 13894 | Orc:2    | Gained mutation: You have a pair of small horns on your
                  | head. [a neqoxec]
 13896 | Orc:2    | Gained mutation: You sometimes lose your temper in combat.
                  | [a neqoxec]
 13963 | Orc:2    | Found Tylusir's Assorted Antiques.
 13963 | Orc:2    | Found Kafacriaz's Armour Shop.
 13965 | Orc:2    | Found Qoixooluwk's Book Shoppe.
 13965 | Orc:2    | Found Ukies's Weapon Shop.
 13979 | Orc:2    | Bought a book of the Moon for 520 gold pieces
 13979 | Orc:2    | Bought an Everburning Encyclopedia for 468 gold pieces
 13991 | Orc:2    | Learned a level 8 spell: Lehudib's Crystal Spear
 14208 | Lair:1   | Entered Level 1 of the Lair of Beasts
 14381 | Lair:1   | Learned a level 5 spell: Yara's Violent Unravelling
 14543 | Lair:1   | Offered knowledge of Iskenderun's Battlesphere by Vehumet.
 14549 | Lair:1   | Reached skill level 1 in Poison Magic
 14885 | Lair:2   | Found a staircase to the Snake Pit.
 14935 | Lair:2   | Reached skill level 5 in Fighting
 15195 | Lair:2   | Gained mutation: Your large and strong wings let you fly.
                  | [Gargoyle growth]
 15195 | Lair:2   | Reached XP level 14. HP: 78/78 MP: 9/30
 15265 | Lair:2   | Reached skill level 1 in Axes
 15314 | Lair:2   | Found a staircase to the Shoals.
 15321 | Lair:2   | Reached skill level 16 in Earth Magic
 15364 | Lair:2   | Noticed Gastronok
 15379 | Lair:2   | Killed Gastronok
 16177 | Lair:3   | Offered knowledge of Lee's Rapid Deconstruction by Vehumet.
 16798 | Lair:4   | Paralysed by a floating eye for 4 turns
 16990 | Lair:4   | Reached skill level 17 in Earth Magic
 17079 | Lair:4   | Found a runed translucent door.
 17080 | Lair:4   | Found a shimmering altar of Xom.
 17080 | Lair:4   | Noticed mkat's ghost (journeyman DrSu)
 17127 | Lair:4   | Found a frozen archway.
 17151 | IceCv    | Entered an ice cave
 17226 | IceCv    | Found a transporter.
 17241 | IceCv    | Learned a level 5 spell: Lee's Rapid Deconstruction
 17252 | IceCv    | Found a transporter.
 17275 | IceCv    | Identified the ring "Alyl" {rPois Will+ rCorr Str-5 Int+6}
 17531 | Lair:4   | Found a staircase to the Slime Pits.
 17531 | Lair:4   | Found a viscous altar of Jiyva.
 17567 | Lair:4   | Reached XP level 15. HP: 65/82 MP: 5/32
 17587 | Lair:4   | Identified the +0 ring mail of the Eagle {rF+ Str+3}
 17742 | Lair:4   | Killed mkat's ghost
 17746 | Lair:4   | Identified the +8 flail of Discomfort {holy, Fragile rC+
                  | Stlth+}
 18071 | Lair:5   | Entered Level 5 of the Lair of Beasts
 18088 | Lair:4   | Offered knowledge of Conjure Ball Lightning by Vehumet.
 18222 | Lair:4   | Reached skill level 18 in Earth Magic
 18326 | Lair:5   | Reached skill level 1 in Short Blades
 19828 | D:13     | Noticed Snorg
 19835 | D:13     | Killed Snorg
 19848 | D:13     | Noticed Nessos
 19859 | D:13     | Killed Nessos
 20040 | D:13     | Found a gate to the Vaults.
 20044 | D:13     | Reached skill level 19 in Earth Magic
 20460 | D:13     | Noticed Jorgrun
 20462 | D:13     | Killed Jorgrun
 20463 | D:13     | Reached XP level 16. HP: 88/88 MP: 21/34
 20949 | D:14     | Found Ucyahu's Distillery.
 20957 | D:14     | Bought a potion of curing for 45 gold pieces
 20957 | D:14     | Bought a potion of invisibility for 120 gold pieces
 20972 | D:14     | Noticed Azrael
 20974 | D:14     | Killed Azrael
 21043 | D:14     | Found Olikh's Weapon Shop.
 21088 | D:14     | Found Zat Daad's Magic Scroll Shop.
 21091 | D:14     | Bought a scroll of butterflies for 48 gold pieces
 21147 | D:14     | Found a sparkling altar of Nemelex Xobeh.
 21366 | D:14     | Found a sacrificial altar of Ru.
 21446 | D:14     | Offered knowledge of Orb of Destruction by Vehumet.
 21951 | D:14     | Found Poavveh's Distillery.
 21955 | D:14     | Found Plog's General Store.
 21963 | D:14     | Bought a scroll of identify for 24 gold pieces
 22320 | D:15     | Entered Level 15 of the Dungeon
 22331 | D:15     | Found a gate leading to a gauntlet.
 22336 | Gauntlet | Entered a Gauntlet
 22336 | Gauntlet | Found a transporter.
 22345 | Gauntlet | Found a transporter.
 22363 | Gauntlet | Found a transporter.
 22366 | Gauntlet | Found a transporter.
 22387 | Gauntlet | Found a transporter.
 22400 | Gauntlet | Found a transporter.
 22408 | Gauntlet | Found a transporter.
 22412 | Gauntlet | Found a transporter.
 22443 | Gauntlet | Found a transporter.
 22472 | Gauntlet | Found a transporter.
 22472 | Gauntlet | Found a transporter.
 22477 | Gauntlet | Found a transporter.
 22635 | Gauntlet | Identified the +1 cloak of Love and Death {Harm rPois rF-
                  | Str+4}
 22671 | Gauntlet | Reached skill level 20 in Earth Magic
 22711 | Gauntlet | Got the Guidebook on the Inflammable Wyrd
 23124 | D:15     | Reached skill level 15 in Conjurations
 23194 | D:15     | Found a staircase to the Depths.
 23278 | D:15     | Reached skill level 15 in Spellcasting
 23359 | D:15     | Found a radiant altar of Vehumet.
 24019 | Snake:1  | Entered Level 1 of the Snake Pit
 24317 | Snake:1  | Reached skill level 10 in Armour
 24704 | Snake:1  | Noticed Aizul
 24708 | Snake:1  | Killed Aizul
 24730 | Snake:1  | Reached XP level 17. HP: 92/92 MP: 26/36
 25000 | Snake:1  | Noticed Josephine
 25001 | Snake:1  | Killed Josephine
 25007 | Snake:1  | Offered knowledge of Spellforged Servitor by Vehumet.
 27344 | Snake:4  | Entered Level 4 of the Snake Pit
 27745 | Snake:4  | Found a transporter.
 27747 | Snake:4  | Found a transporter.
 27752 | Snake:4  | Found a bloodstained altar of Trog.
 27753 | Snake:4  | Noticed turdburglar's ghost (adept HOFi)
 28551 | Snake:4  | Reached XP level 18. HP: 107/107 MP: 16/38
 28764 | Snake:4  | Offered knowledge of Starburst by Vehumet.
 28839 | Snake:4  | Reached skill level 10 in Fighting
 28922 | Snake:4  | Reached ****** piety under Vehumet
 29045 | Snake:4  | Got a serpentine rune of Zot
 29355 | Shoals:1 | Entered Level 1 of the Shoals
 29679 | Shoals:1 | Noticed Nikola
 29695 | Shoals:1 | Killed Nikola
 29893 | Shoals:1 | Noticed Frances
 29932 | Shoals:1 | Killed Frances
 30728 | Shoals:2 | Offered knowledge of Fire Storm by Vehumet.
 30728 | Shoals:2 | Offered knowledge of Shatter by Vehumet.
 30728 | Shoals:2 | Offered knowledge of Maxwell's Capacitive Coupling by
                  | Vehumet.
 31138 | Shoals:3 | Reached skill level 10 in Shields
 31395 | Shoals:3 | Found Juaxtoss's Firing Range.
 31448 | Shoals:3 | Identified the +7 ring mail of the Sturgeon {rElec rC+
                  | Will+ Str-4}
 32418 | Depths:1 | Entered Level 1 of the Depths
 32429 | Depths:1 | Learned a level 5 spell: Irradiate
 32477 | Depths:1 | Reached XP level 19. HP: 112/112 MP: 34/40
 32697 | Depths:1 | Noticed a tentacled monstrosity
 32708 | Depths:1 | Killed a tentacled monstrosity
 32803 | Depths:1 | Noticed Saint Roka
 32832 | Depths:1 | Killed Saint Roka
 33064 | Depths:1 | Reached skill level 21 in Earth Magic
 33088 | Depths:1 | Found a gateway to Hell.
 33840 | Depths:1 | Found an ornate altar of the Wu Jian Council.
 33995 | Depths:2 | HP: 5/112 [frost giant/bolt of cold (45)]
 34010 | Depths:1 | Killed from afar by an ice dragon

Illustrated notes

Levels and vault maps discovered:
D:1:      doesnt_arrival_eight_statues, layout_rooms,
          shapermc_ecumenical_altar_totnotflames, minmay_cupped
D:2:      layout_basic, grunt_decor_junction, minmay_snake_closets, uniq_terence
D:3:      layout_basic, mainiacjoe_overflow_paths, uniq_sigmund,
          uniq_crazy_yiuf_cottage
D:4:      layout_loops_ring, uniq_duvessa, uniq_menkaure, uniq_grinder
D:5:      corexii_shantytown, layout_basic, mainiacjoe_overflow_tiny_flanked,
          minmay_overflow_temple_star_quad, temple_hall
D:6:      layout_loops_ring, serial_shops, nicolae_shop_statue_plus, shop,
          nicolae_shop_drivethru
D:7:      layout_cave_pools
D:8:      layout_rooms, grunt_dithmenos_smoke, uniq_psyche, uniq_grum,
          uniq_joseph, uniq_erica
D:9:      minmay_thinvault, layout_long_grid, mainiacjoe_overflow_alcove_4,
          kennysheep_mini, lair_entry_dummy
D:10:     layout_loops_corners, gammafunk_temple_overflow_elements,
          enter_trove_3, kennysheep_crisscross, abandoned_shop, st_stairs_10,
          uniq_fannar
D:11:     layout_loops_corners, gammafunk_ghost_spectres, uniq_sonja
D:12:     layout_basic, minmay_orc_entry_guard_dogs, serial_shops,
          nicolae_shop_hallway_plus
D:13:     layout_basic, lightli_vaults_fourway_checkpoint, uniq_nessos,
          uniq_snorg, uniq_jorgrun
D:14:     minmay_slanted_spiral_squares, layout_long_grid, serial_shops, shop,
          kennysheep_mini_moat, shop, shop, shop, nicolae_ru_awakened_eye,
          nemelex_spade_bored_becter, uniq_azrael
D:15:     hangedman_depths_entry_try_elsewhere_first, layout_layer_cave,
          minmay_misc_feat_four_crosses, gauntlet_entry_generic, vehumet_statue
Temple:   nicolae_temple_hex_pool
Lair:1:   layout_chaotic_city
Lair:2:   layout_regular_city, minmay_shoals_entry_centaurs, dummy_snake_entry,
          uniq_gastronok
Lair:3:   layout_regular_city, ldierk_geyser, serial_bayou_pond_e,
          infiniplex_staircase_pool_2
Lair:4:   layout_hall_layers, minmay_slime_entry_eyes,
          portal_ice_cave_entry_pillars_2, ebering_ghost_xom,
          nicolae_quartered_pool_little
Lair:5:   gammafunk_lair_ancient_temple, layout_gridlike
Shoals:1: layout_shoals, centaur_isle, uniq_frances, uniq_nikola
Shoals:2: layout_shoals
Shoals:3: layout_shoals, nicolae_shop_firing_range
Snake:1:  layout_basic, serial_bayou_shore_a, lemuel_fruit_tree, uniq_josephine,
          uniq_aizul
Snake:2:  layout_cave_town
Snake:3:  layout_gridlike, drop_trap
Snake:4:  johnstein_snake_rune_scales, layout_chambers,
          gammafunk_ghost_wrathful_warriors
Orc:1:    layout_caves, hellmonk_ghost_happy_afterlife, nicolae_shop_clearance
Orc:2:    grunt_orc_tribal_feast, layout_caves, basic_altar, uniq_urug
Depths:1: layout_cave_shapes, fountainhead, hellmouth_3,
          nicolae_wu_jian_immortal_techniques, roderic_lattice_octagonal_star,
          uniq_saint_roka
Depths:2: minmay_angry_zag, layout_small_grid, enter_ziggurat_e,
          good_gods_temple_1, rand_demon_pan_entry_1, serial_shops,
          freezing_bzr, grunt_hell_entry_demonic_statue, uniq_josephina

Skill      XL: |  1  2  3  4  5  6  7  8  9 10 11 12 13 14 15 16 17 18 19 |
---------------+----------------------------------------------------------+-----
Earth Magic    | 4 5 6 8 9 10 11 13 14 15 17 19 20 21 | 21.6
Spellcasting   | 3 4 5 7 9 10 11 12 13 14 15 16 17 | 17.2
Fighting       | 1 2 3 4 5 9 10 | 10.2
Polearms       | 1 |  1.0
Stealth        | 3 4 5 |  5.0
Conjurations   | 1 3 6 7 9 10 12 13 14 15 | 15.0
Transmutations | 1 2 |  2.0
Armour         | 4 6 10 12 | 12.0
Shields        | 3 5 11 12 | 12.0
Poison Magic   | 1 |  1.0
Axes           | 2 |  2.9
Short Blades   | 3 |  3.0
Dodging        | |  1.5

Action                     |  1- 3 |  4- 6 |  7- 9 | 10-12 | 13-15 | 16-18 | 19-21 || total
---------------------------+-------+-------+-------+-------+-------+-------+-------++-------
  Melee: Trident           |       |    60 |    91 |       |       |       |       ||   151
         Punch             |       |     1 |       |     3 |       |       |       ||     4
         Hand axe          |       |       |    33 |   147 |   181 |    11 |       ||   372
         Headbutt          |       |       |       |       |    36 |     3 |     2 ||    41
         Staff             |       |       |       |       |       |     6 |     3 ||     9
   Fire: Sling             |    47 |       |       |       |       |       |       ||    47
   Cast: Sandblast         |    26 |    23 |    67 |    62 |    99 |     6 |     6 ||   289
         Stone Arrow       |     3 |     5 |    60 |   157 |   121 |    72 |    10 ||   428
         Iron Shot         |       |       |       |    66 |   250 |   478 |    81 ||   875
         Petrify           |       |       |       |     6 |     2 |       |     1 ||     9
         Olgreb's Toxic Ra |       |       |       |     1 |    34 |       |       ||    35
         Passwall          |       |       |       |     1 |     2 |     1 |       ||     4
         Lee's Rapid Decon |       |       |       |       |    12 |     6 |       ||    18
         Lehudib's Crystal |       |       |       |       |     3 |    24 |       ||    27
         Yara's Violent Un |       |       |       |       |     1 |       |       ||     1
  Evoke: Wand              |       |       |     4 |       |       |     5 |       ||     9
         Phantom mirror    |       |       |       |       |       |     1 |       ||     1
    Use: Potion            |       |     2 |       |     2 |     3 |     1 |       ||     8
         Scroll            |       |       |       |    18 |     6 |    13 |     5 ||    42
   Stab: Sleeping          |       |    10 |    13 |     5 |       |     1 |       ||    29
         Petrified         |       |       |       |     6 |       |       |     3 ||     9
         Distracted        |       |       |       |     1 |       |       |       ||     1
 Armour: Robe              |     8 |    19 |    44 |       |       |       |       ||    71
         Skin              |       |     5 |    13 |       |       |       |       ||    18
         Leather armour    |       |       |     5 |   106 |       |       |       ||   111
         Acid dragon scale |       |       |       |    28 |   197 |       |       ||   225
         Ring mail         |       |       |       |       |    89 |   156 |     7 ||   252
  Dodge: Dodged            |    11 |    33 |    87 |   253 |   445 |   168 |     6 ||  1003
  Block: Kite shield       |       |       |       |       |       |    44 |    16 ||    60
         Reflection        |       |       |       |       |       |    13 |       ||    13
